 Dungeon Crawl Stone Soup version 0.29-a0-717-g6dac4ea423 (webtiles) character file.

Game seed: 7870688553473342250

319 zeratav the Skirmisher (level 6, -1/29 HPs)
             Began as a Spriggan Arcane Marksman on June 27, 2022.
             Killed by divine providence
             ... invoked by an orc priest
              (8 damage)
             ... on level 3 of the Dungeon.
             The game lasted 00:04:26 (2433 turns).

zeratav the Skirmisher (Spriggan Arcane Marksman)   Turns: 2433, Time: 00:04:27

Health: -1/29      AC:  2    Str:  6    XL:     6   Next: 21%
Magic:  9/9        EV: 21    Int: 15    God:
Gold:   105        SH:  0    Dex: 17    Spells: 6/7 levels left

rFire   . . .      SeeInvis +   a - +0 sling
rCold   . . .      Faith    .   (no shield)
rNeg    . . .      Spirit   .   c - +0 robe
rPois   .          Reflect  .   (helmet restricted)
rElec   .          Harm     .   (no cloak)
rCorr   .          Rampage  .   (gloves unavailable)
Will    +....                   (boots unavailable)
Stlth   ++........              (no amulet)
HPRegen 0.09/turn               k - +4 ring of evasion
MPRegen 0.11/turn               (no ring)

@: very quick
A: very small, no large weapons, unfitting armour, see invisible, speed 3
a: no special abilities


You were on level 3 of the Dungeon.
You visited 1 branch of the dungeon, and saw 4 of its levels.

You collected 105 gold pieces.


Innate Abilities, Weirdness & Mutations

You are very small and have problems with some larger weapons.
You are too small for most types of armour.
You have supernaturally acute eyesight. (SInv)
You cover ground extremely quickly. (Speed+++)


   Skills:
 - Level 0.7 Fighting
 + Level 8.0 Ranged Weapons
 - Level 2.6 Dodging
 - Level 1.3 Spellcasting
 - Level 3.6 Hexes


You had 6 spell levels left.
You knew the following spells:

 Your Spells              Type           Power      Damage    Failure   Level
a - Slow                  Hex            44%        N/A       5%          1

Your spell library contained the following spells:

 Spells                   Type           Power      Damage    Failure   Level
 Inner Flame              Hex/Fire       6%         N/A       34%         3
 Portal Projectile        Hex/Tloc       12%        N/A       34%         3
 Cause Fear               Hex            5%         N/A       47%         4

Inventory:

Hand Weapons
 a - a +0 sling (weapon)
Armour
 c - a +0 robe (worn)
Jewellery
 d - an amulet of faith {!P}
   (You found it on level 1 of the Dungeon)
 f - a ring of protection from fire
   (You found it on level 1 of the Dungeon)
 k - a +4 ring of evasion (left hand)
   (You found it on level 2 of the Dungeon)
Scrolls
 b - a scroll of vulnerability {!r!r}
 h - 2 scrolls of blinking {unknown}
 m - 2 scrolls of identify {unknown}
 n - a scroll of brand weapon {unknown}
 o - a scroll of immolation {unknown}
 p - 2 scrolls of fog {unknown}
 q - a scroll of teleportation {unknown}
 r - a scroll of poison {unknown}
Potions
 e - 3 potions of might {unknown}
 g - a potion of resistance {unknown}
 i - a potion of ambrosia {unknown}
 j - a potion of curing {unknown}
 l - a potion of attraction {unknown}
 s - a potion of brilliance {unknown}

Dungeon Overview and Level Annotations

Branches:
Dungeon (4/15) Zot: 22150
 Temple: D:4-7

Altars:

#..# #.o#
#..##############
#.o..........#..
#.o#########.#.#
##.# ##.#.# #o#
####....# #.#
##.##..#.# #@#
##.#.#..#.#### #.#
#.###...#..... #.#
##.#.#.#####.# #.#
##.##.# #.#
#.#####.##.#####.#
#...<...........<.
#######.##.#......
#.##.#.###.#
#.##.......#


You could see an orc priest and 3 orcs.


Message History

No target in view!
No target in view!
Things that are here:
a +0 whip {mace}; 4 stones {throwing}; a kobold corpse No target in view!
No target in view!
You shoot a sling bullet. The sling bullet hits the worm.
An adder comes into view.
You shoot a sling bullet. The adder hisses angrily.
The sling bullet hits the worm.
You shoot a sling bullet. The sling bullet hits the worm.
There is a stone staircase leading up here.
You shoot a sling bullet. The sling bullet hits the adder.
The adder completely misses you.
You shoot a sling bullet. The sling bullet hits the adder.
You kill the adder!
Your Ranged Weapons skill increases to level 8!
You shoot a sling bullet.
The sling bullet barely misses the worm.
You shoot a sling bullet. The sling bullet hits the worm.
You shoot a sling bullet.
The sling bullet hits the worm but does no damage.
You shoot a sling bullet. The sling bullet hits the worm!
The worm closely misses you.
Casting: Slow (safe; 5% risk of failure)
Confirm with . or Enter, or press ? or * to list all spells.
Aiming: Slow (safe; 5% risk of failure)
Press: ? - help, Shift-Dir - straight line, f/p - worm
Aim: a worm (severely wounded, chance to affect: 58%)
The worm resists with significant effort.
The worm misses you.
MP[-1]
You lost 1 mp, and now have 8/9 mp.
You shoot a sling bullet. The sling bullet hits the worm.
You shoot a sling bullet. The sling bullet hits the worm.
The worm barely misses you.
You shoot a sling bullet.
The sling bullet hits the worm but does no damage.
You shoot a sling bullet. The sling bullet hits the worm!
You kill the worm!
No target in view!
You see here an adder corpse.
s - a white potion MP[+1]
Your mp is fully restored (9).
Found an escape hatch in the ceiling.
There is an escape hatch in the ceiling here.
An orc and an orc priest come into view.
You shoot a sling bullet.
The sling bullet hits the orc priest but does no damage.
The orc shouts!
You hear a shout!
The orc priest mumbles some strange prayers to Beogh against you.
Beogh smites you!
HP[-11]
You take 11 damage, and now have 18/29 hp.
MASSIVE DAMAGE!! (PAUSE)
You are too injured to fight recklessly!
You are too injured to fight recklessly!
You are too injured to fight recklessly!
Fire: a) +0 sling
Press: ? - help, Q - select action, (/) - cycle Shift-Dir - straight line, f/p - orc priest
Aim: an orc priest, wielding a +0 dagger and wearing a +0 ring mail (65% to hit)
You shoot a sling bullet. The sling bullet hits the orc priest.
An orc comes into view. It is wielding a +0 dagger.
Fire: a) +0 sling
Press: ? - help, Q - select action, (/) - cycle Shift-Dir - straight line, f/p - orc priest
Aim: an orc priest, wielding a +0 dagger and wearing a +0 ring mail (moderately wounded, 65% to hit)
You shoot a sling bullet. The sling bullet hits the orc priest.
Fire: a) +0 sling
Press: ? - help, Q - select action, (/) - cycle Shift-Dir - straight line, f/p - orc priest
Aim: an orc priest, wielding a +0 dagger and wearing a +0 ring mail (severely wounded, 65% to hit)
You shoot a sling bullet.
The sling bullet closely misses the orc priest.
Fire: a) +0 sling
Press: ? - help, Q - select action, (/) - cycle Shift-Dir - straight line, f/p - orc priest
Aim: an orc priest, wielding a +0 dagger and wearing a +0 ring mail (severely wounded, 65% to hit)
You shoot a sling bullet. The sling bullet hits the orc priest.
An orc comes into view. It is wielding a +0 falchion.
Fire: a) +0 sling
Press: ? - help, Q - select action, (/) - cycle Shift-Dir - straight line, f/p - orc priest
Aim: an orc priest, wielding a +0 dagger and wearing a +0 ring mail (almost dead, 65% to hit)
You shoot a sling bullet. The orc shouts!
The sling bullet hits the orc priest but does no damage.
You hear a shout!
The orc priest calls down the wrath of Beogh upon you.
Beogh smites you!
* * * LOW HITPOINT WARNING * * *
HP[-11]
You take 11 damage, and now have 7/29 hp.
MASSIVE DAMAGE!! (PAUSE)
The orc priest casts a cantrip, but nothing happens.
Fire: a) +0 sling
Press: ? - help, Q - select action, (/) - cycle Shift-Dir - straight line, f/p - orc priest
Aim: an orc priest, wielding a +0 dagger and wearing a +0 ring mail (almost dead, 65% to hit)
You shoot a sling bullet. The sling bullet hits the orc.
The orc priest calls down the wrath of Beogh upon you.
Beogh smites you!
You die...

Skill      XL: |  1  2  3  4  5  6 |
---------------+-------------------+-----
Ranged Weapons | 3 4 7 8 |  8.0
Fighting       | |  0.7
Dodging        | |  2.6
Spellcasting   | |  1.3
Hexes          | |  3.6

Action                   |  1- 3 |  4- 6 || total
-------------------------+-------+-------++-------
 Fire: Sling             |   120 |    66 ||   186
 Cast: Slow              |     3 |     1 ||     4
Armor: Robe              |     6 |     1 ||     7
Dodge: Dodged            |    35 |    36 ||    71

Levels and vault maps discovered:
D:1:      minmay_arrival_jagged, layout_basic,
          hellmonk_ecumenical_altar_pennies_from_heaven
D:2:      layout_basic, uniq_sigmund, uniq_natasha, uniq_robin
D:3:      layout_loops_ring, minmay_quantized, uniq_jessica
D:4:      layout_loops_ring, minitemple, serial_shops, nicolae_lakefront_shop,
          lightli_ossuary_entry_decrepit_ruins

Notes
Turn   | Place    | Note
-------+----------+-------------------------------------------
     0 | D:1      | zeratav the Spriggan Arcane Marksman began the quest for
                  | the Orb.
     0 | D:1      | Reached XP level 1. HP: 9/9 MP: 3/3
     0 | D:1      | magus.rc [v1.9.6]
    47 | D:1      | Reached skill level 3 in Ranged Weapons
   351 | D:1      | Reached XP level 2. HP: 14/14 MP: 5/5
   528 | D:1      | Found a faded altar of an unknown god.
   675 | D:1      | Reached skill level 4 in Ranged Weapons
  1050 | D:2      | Reached XP level 3. HP: 17/17 MP: 6/6
  1230 | D:2      | Noticed Robin
  1284 | D:2      | Noticed Sigmund
  1295 | D:2      | Killed Robin
  1595 | D:2      | Killed Sigmund
  1596 | D:2      | Reached skill level 7 in Ranged Weapons
  1596 | D:2      | Reached XP level 4. HP: 21/21 MP: 7/7
  1596 | D:2      | Reached XP level 5. HP: 25/25 MP: 8/8
  1712 | D:2      | You fall into a shaft and drop 2 floors!
  1731 | D:3      | Noticed Jessica
  2213 | D:2      | Noticed Natasha
  2217 | D:2      | Killed Natasha
  2222 | D:2      | Reached XP level 6. HP: 29/29 MP: 9/9
  2289 | D:3      | Killed Jessica
  2354 | D:3      | Reached skill level 8 in Ranged Weapons
  2429 | D:3      | HP: 7/29 [orc priest/divine providence (11)]
  2433 | D:3      | Killed from afar by an orc priest

Vanquished Creatures
  Sigmund (D:2)
  Jessica (D:3)
  Natasha (D:2)
  Robin (D:2)
  A gnoll (D:3)
  3 adders
  A worm (D:3)
  2 dart slugs
  3 bats
  5 endoplasms
  3 giant cockroaches (D:1)
  3 hobgoblins
  5 quokkas
  6 ball pythons
  2 frilled lizards (D:2)
  6 goblins (D:2)
  2 kobolds
  4 rats
50 creatures vanquished.

Table legend:
 A = Non-vault XP
 B = Vault XP
 C = Vault XP percentage of total XP
 D = Non-vault monster count
 E = Vault monster count
 F = Vault count percentage of total count
                 A         B        C        D         E       F
            +---------+---------+-------+---------+---------+-------
      Total |     117 |     340 |  74.4 |      39 |      11 |  22.0
            +---------+---------+-------+---------+---------+-------
        D:1 |      38 |       0 |   0.0 |      21 |       0 |   0.0
        D:2 |      30 |     303 |  91.0 |      12 |      10 |  45.5
        D:3 |      49 |      37 |  43.0 |       6 |       1 |  14.3
            +---------+---------+-------+---------+---------+-------

Illustrated notes

Table legend:
 A = Kills in this place as a percentage of kills in entire the game.
 B = Kills by you in this place as a percentage of kills by you in the entire game.
 C = Kills by friends in this place as a percentage of kills by friends in the entire game.
 D = Other kills in this place as a percentage of other kills in the entire game.
 E = Experience gained in this place as a percentage of experience gained in the entire game.
 F = Experience gained in this place divided by the number of levels of this place that you have seen.
                   A       B       C       D       E      F
               +-------+-------+-------+-------+-------+----------------------
         Total | 100.0 | 100.0 |   N/A |   N/A | 100.0 | 114.2
       Dungeon | 100.0 | 100.0 |   N/A |   N/A | 100.0 | 114.2
               +-------+-------+-------+-------+-------+----------------------

Table legend: (Time is in decaauts)
 A = Elapsed time spent in this place.
 B = Non-inter-level travel time spent in this place.
 C = Inter-level travel time spent in this place.
 D = Time resting spent in this place.
 E = Time spent auto-exploring this place.
 F = Levels seen in this place.
 G = Mean time per level.
                   A        B        C        D        E       F      G
               +--------+--------+--------+--------+--------+-----+--------+
         Total |   1848 |   1789 |     59 |    451 |    987 |   4 |  462.0 |
       Dungeon |   1848 |   1789 |     59 |    451 |    987 |   4 |  462.0 |
               +--------+--------+--------+--------+--------+-----+--------+

Top non-repeatable levels by time:
     D:1: 984 daAuts
     D:2: 702 daAuts
     D:3: 145 daAuts
     D:4: 15 daAuts
